 Dungeon Crawl Stone Soup version 0.28-a0-1638-g9123634e07 (webtiles) character file.

Game seed: 7001801346073974101

6909 testman the Fighter (level 11, -8/105 HPs)
             Began as a Ghoul Monk on Jan 25, 2022.
             Was the Champion of Jiyva.
             Killed from afar by a gargoyle (39 damage)
             ... with a stone arrow
             ... on level 10 of the Dungeon.
             The game lasted 00:28:04 (6671 turns).

testman the Fighter (Ghoul Monk)                    Turns: 6671, Time: 00:28:04

Health: -8/105     AC:  4    Str: 20    XL:     11   Next: 7%
Magic:  10/10      EV: 11    Int:  5    God:    Jiyva [******]
Gold:   340        SH:  4    Dex: 11    Spells: 10/10 levels left

rFire   . . .      SeeInvis .     - Unarmed
rCold   + . .      Faith    .   n - +0 buckler
rNeg    + + +      Spirit   .   u - +0 leather armour "Ror Yjum" {-Tele Harm +Inv Slay+3 Stlth+}
rPois   ∞          Reflect  .   (no helmet)
rElec   .          Harm     +   A - +0 cloak
rCorr   +          Rampage  .   (no gloves)
Will    .....      NoTele   +   (no boots)
Stlth   +++.......              (no amulet)
HPRegen 1.60/turn               (no ring)
MPRegen 0.62/turn               (no ring)

@: inhibited regen
A: claws 1, cold resistance 1, negative energy resistance 3, inhibited
regeneration, torment resistance 2
a: Renounce Religion, Evoke Invisibility, Oozemancy, Slimify


You were on level 10 of the Dungeon.
You worshipped Jiyva.
Jiyva was exalted by your worship.
You visited 1 branch of the dungeon, and saw 10 of its levels.
You also visited: Sewer.

You collected 340 gold pieces.

Inventory:

Hand Weapons
 d - a +0 hunting sling
Missiles
 e - 74 stones (quivered)
 l - 39 sling bullets
 x - 9 poisoned darts
Armour
 n - a +0 buckler (worn)
 s - a +2 robe of fire resistance
 u - the +0 leather armour "Ror Yjum" (worn) {-Tele Harm +Inv Slay+3 Stlth+}
   (You found it on level 8 of the Dungeon)

   Slay:      It affects your accuracy & damage with ranged weapons and melee
   (+3).
   +Inv:      It lets you turn invisible.
   -Tele:     It prevents most forms of teleportation.
   Harm:      It increases damage dealt and taken.
   Stlth:     It makes you more stealthy.
 A - a +0 cloak (worn)
 D - a +0 robe of cold resistance
Jewellery
 a - a ring of ice
Wands
 y - a wand of polymorph (4)
 z - a wand of paralysis (7)
Scrolls
 b - 2 scrolls of enchant armour
 g - a scroll of summoning {unknown}
 p - 3 scrolls of teleportation
 q - a scroll of enchant weapon {unknown}
 v - 2 scrolls of fog {unknown}
 B - 3 scrolls of identify
 C - a scroll of blinking
Potions
 c - 3 potions of curing
 f - a potion of magic {unknown}
 h - 2 potions of invisibility {unknown}
 i - a potion of brilliance {unknown}
 j - 2 potions of haste {unknown}
 k - a potion of lignification {unknown}
 m - a potion of attraction {unknown}
 o - 2 potions of heal wounds {unknown}
 r - a potion of degeneration {unknown}
 t - 2 potions of might {unknown}
 w - a potion of resistance {unknown}


   Skills:
 + Level 12.7 Fighting
 - Level 2.6 Dodging
 - Level 2.1 Stealth
 - Level 4.0 Shields
 + Level 12.7 Unarmed Combat


You had 10 spell levels left.
You didn't know any spells.
Your spell library contained the following spells:

 Spells                   Type           Power      Damage    Failure   Level
 Shock                    Conj/Air       0%         1d3       63%         1
 Slow                     Hex            0%         N/A       63%         1
 Confusing Touch          Hex            0%         N/A       94%         3
 Frozen Ramparts          Ice            0%         1d2       94%         3
 Swiftness                Air            0%         N/A       94%         3
 Airstrike                Air            0%         N/A       100%        4
 Iskenderun's Mystic Bla  Conj/Tloc      0%         2d3       100%        4
 Summon Ice Beast         Ice/Summ       0%         N/A       100%        4
 Ice Form                 Ice/Tmut       Unusable   N/A       N/A         4

Dungeon Overview and Level Annotations

Branches:
Dungeon (10/15)            Temple (0/1) D:4             Orc (0/2) D:9
  Sewer (visited)
   Lair: D:8-11

Altars:
Ashenzari
Fedhas
Nemelex Xobeh
Sif Muna
Trog
Zin
Jiyva


Innate Abilities, Weirdness & Mutations

You thrive by killing the living.
You are immune to poison.
You have sharp fingernails.
Your flesh is cold resistant. (rC+)
You are immune to negative energy. (rN+++)
You do not regenerate when monsters are visible.
You are immune to unholy pain and torment.


Message History

Jiyva gurgles merrily.
There is a stone staircase leading down here.
You swap places.
You swap places.
Partly explored, can't reach some places.
Okay, then.
No target in view!
Okay, then.
(D) Dungeon (T) Temple (O) Orcish Mines
Where to? (Enter - D:9, ? - help)
There is an open door here.
There is a stone staircase leading down here.
You climb downwards.
There is a stone staircase leading up here.
A gargoyle is nearby!
The gargoyle hurls a stone arrow at you.
The stone arrow hits you! You block the gargoyle's attack.
You scratch the gargoyle.
The gargoyle is lightly damaged.
You scratch the gargoyle.
The gargoyle is lightly damaged.
The gargoyle hits you with a +0 mace!
You closely miss the gargoyle.
The gargoyle is lightly damaged.
The gargoyle hurls a stone arrow at you.
The stone arrow hits you!!
You shudder from the blast and a jelly pops out!
You claw the gargoyle!
The gargoyle is almost destroyed.
The gargoyle hurls a stone arrow at you.
The stone arrow hits you!!
* * * LOW HITPOINT WARNING * * *
You are too injured to fight recklessly!
You are too injured to fight recklessly!
You barely miss the gargoyle.
The gargoyle is almost destroyed.
The gargoyle hurls a stone arrow at you.
The stone arrow hits you!!
You die...

###########+#
#............
#<...J.......
#....@9......
+............
#............
########+####


You could see a gargoyle (ally target) and a friendly acid blob (summoned).

Vanquished Creatures
  Maurice (D:8)
  4 yaks (D:8)
  A wyvern (D:9)
  Grum (D:8)
  Menkaure (D:7)
  3 water moccasins
  6 orc warriors
  A black bear (D:8)
  3 ice beasts (D:7)
  2 sky beasts (D:5)
  3 wolves (D:8)
  2 centaurs
  A kobold brigand (D:9)
  2 phantoms
  4 bullfrogs (D:8)
  A water moccasin zombie (D:5)
  2 water moccasin skeletons
  5 killer bees (D:9)
  3 wights (D:7)
  An electric eel (D:8)
  3 centaur zombies
  A bullfrog skeleton (D:3)
  3 hounds
  An iguana (D:5)
  8 orc wizards
  A killer bee zombie (D:7)
  A howler monkey zombie (D:6)
  A gnoll (D:4)
  6 adders
  5 river rats (Sewer)
  A white imp (D:6)
  An ufetubus (D:4)
  A worm (D:2)
  A dart slug (D:3)
  30 orcs
  2 bats (D:1)
  An endoplasm (D:1)
  5 giant cockroaches
  6 goblins
  13 hobgoblins
  3 jackals (D:2)
  17 kobolds
  3 quokkas
  5 ball pythons
  A frilled lizard (D:2)
  15 rats
182 creatures vanquished.

Vanquished Creatures (collateral kills)
  3 two-headed ogres
  The ghost of Maxmaps the Shield-Bearer, an amateur FoFi (D:3)
  2 yaks (D:8)
  A centaur skeleton (D:3)
  An orc wizard (D:9)
  3 orcs (D:9)
11 creatures vanquished.

Vanquished Creatures (others)
  Sigmund (D:2)
  An ogre (D:6)
  A kobold brigand (D:8)
  A bullfrog (D:7)
  2 electric eels (D:9)
  A centaur zombie (D:9)
  An orc priest (D:9)
  An iguana (D:7)
  15 jellies
  An orc wizard (D:7)
  2 river rats (Sewer)
  An adder (Sewer)
  A shadow imp (D:8)
  5 orcs
  4 ball pythons (Sewer)
  2 giant cockroaches
  A hobgoblin (D:1)
  8 kobolds
  7 rats (Sewer)
  4 fungi (D:9)
  6 plants (D:4)
66 creatures vanquished.

Grand Total: 259 creatures vanquished

Notes
Turn   | Place    | Note
-------+----------+-------------------------------------------
     0 | D:1      | testman the Ghoul Monk began the quest for the Orb.
     0 | D:1      | Reached XP level 1. HP: 19/19 MP: 0/0
   187 | D:1      | Found a faded altar of an unknown god.
   197 | D:1      | Prayed at the altar of an unknown god.
   197 | D:1      | Became a worshipper of Jiyva Jierubif the Shapeless
   197 | D:1      | Reached * piety under Jiyva
   197 | D:1      | Reached ** piety under Jiyva
   256 | D:1      | Reached XP level 2. HP: 26/26 MP: 1/1
   288 | D:1      | Reached *** piety under Jiyva
   588 | D:2      | Noticed Sigmund
   798 | D:2      | Reached XP level 3. HP: 33/33 MP: 2/2
   821 | D:2      | Got Myecyugh's Disquisition on Displaced Execration
   903 | D:2      | Reached **** piety under Jiyva
  1295 | D:2      | Killed Sigmund
  1628 | D:3      | Reached XP level 4. HP: 41/41 MP: 3/3
  1671 | D:3      | Found a runed translucent gate.
  1671 | D:3      | Found a runed translucent gate.
  1671 | D:3      | Found a runed translucent gate.
  1673 | D:3      | Noticed Maxmaps's ghost (amateur FoFi)
  1817 | D:3      | Noticed a phantom
  1840 | D:3      | Killed a phantom
  1841 | D:3      | Reached skill level 5 in Unarmed Combat
  1841 | D:3      | Reached XP level 5. HP: 47/47 MP: 4/4
  1881 | D:3      | Found a broken altar of Ashenzari.
  1899 | D:3      | Reached skill level 5 in Fighting
  1943 | D:3      | Reached ***** piety under Jiyva
  2062 | D:3      | Killed Maxmaps's ghost
  2063 | D:3      | Reached XP level 6. HP: 25/57 MP: 5/5
  2077 | D:3      | Reached XP level 7. HP: 44/64 MP: 6/6
  2173 | D:4      | Found a blossoming altar of Fedhas.
  2202 | D:4      | Found a staircase to the Ecumenical Temple.
  2237 | D:4      | Found a glowing drain.
  2246 | Sewer    | Entered a sewer
  3034 | D:4      | Identified the +7 war axe "Mofonem" {vorpal, Dex+2}
  3124 | D:4      | Found a sparkling altar of Nemelex Xobeh.
  3124 | D:4      | Found a shimmering blue altar of Sif Muna.
  3243 | D:5      | Entered Level 5 of the Dungeon
  3305 | D:5      | Reached XP level 8. HP: 42/73 MP: 7/7
  3706 | D:6      | Reached skill level 1 in Shields
  3848 | D:6      | Found a bloodstained altar of Trog.
  3940 | D:6      | Noticed a two-headed ogre
  3960 | D:6      | Killed a two-headed ogre
  3961 | D:6      | Reached XP level 9. HP: 51/83 MP: 8/8
  4103 | D:6      | Reached ****** piety under Jiyva
  4336 | D:7      | Noticed Menkaure
  4342 | D:7      | Killed Menkaure
  5008 | D:8      | Reached skill level 10 in Fighting
  5011 | D:8      | Identified the +0 leather armour "Ror Yjum" {-Tele Harm
                  | +Inv Slay+3 Stlth+}
  5038 | D:8      | Reached skill level 10 in Unarmed Combat
  5097 | D:8      | Reached XP level 10. HP: 80/94 MP: 9/9
  5169 | D:8      | Noticed Grum
  5181 | D:8      | Killed Grum
  5224 | D:8      | Noticed Maurice
  5235 | D:8      | Paralysed by Maurice for 2 turns
  5244 | D:8      | Killed Maurice
  5694 | D:9      | Noticed a two-headed ogre
  5713 | D:9      | Killed a two-headed ogre
  5948 | D:9      | Noticed a two-headed ogre
  5952 | D:9      | Killed a two-headed ogre
  5953 | D:9      | Reached XP level 11. HP: 72/105 MP: 10/10
  6404 | D:9      | Found a staircase to the Orcish Mines.
  6662 | D:10     | Entered Level 10 of the Dungeon
  6671 | D:10     | Killed from afar by a gargoyle

Illustrated notes

Levels and vault maps discovered:
D:1:      dpeg_arrival_tiny_i, layout_basic, hellmonk_ecumenical_altar_run_dry
D:2:      cheibrodos_greedy_goblins, layout_loops_corners, uniq_sigmund
D:3:      layout_rooms, amcnicky_altar_gilded, gammafunk_ghost_necromancy
D:4:      cheibrodos_old_hovel, layout_cave_pools,
          gammafunk_temple_overflow_elements, mainiacjoe_overflow_boulevard,
          minmay_temple_entry_antechambers, gup_sewer_entry_pipe
D:5:      layout_rooms
D:6:      layout_basic, bloody_trog, mainiacjoe_overflow_brackets
D:7:      layout_gridville, minivault_19, serial_park_tiny_pond, uniq_menkaure
D:8:      minmay_evil_eye, layout_basic, item_on_display_b, uniq_maurice,
          uniq_grum
D:9:      layout_loops_ring, hiddenorc1_lemuel, grunt_ministairs_8,
          water_boxes_lemuel
D:10:     layout_roguey, uniq_harold

Skill      XL: |  1  2  3  4  5  6  7  8  9 10 |
---------------+-------------------------------+-----
Fighting       | 4 5 6 7 9 10 12 | 12.7
Unarmed Combat | 4 5 6 7 9 10 12 | 12.7
Shields        | 3 4 |  4.0
Dodging        | |  2.6
Stealth        | |  2.1

Action                   |  1- 3 |  4- 6 |  7- 9 | 10-12 || total
-------------------------+-------+-------+-------+-------++-------
Melee: Unarmed           |    98 |    33 |   323 |   129 ||   583
       Punch             |     1 |     1 |     7 |       ||     9
Throw: Stone             |       |     1 |     1 |       ||     2
  Use: Scroll            |     1 |       |     3 |       ||     4
       Potion            |       |       |       |     1 ||     1
 Stab: Sleeping          |     5 |       |     2 |     3 ||    10
       Distracted        |       |       |       |     1 ||     1
Armor: Robe              |    17 |     6 |    52 |       ||    75
       Leather armour    |       |       |     1 |    16 ||    17
Dodge: Dodged            |    41 |    10 |   165 |    48 ||   264
Block: Buckler           |       |       |    20 |    21 ||    41

Table legend: (Time is in decaauts)
 A = Elapsed time spent in this place.
 B = Non-inter-level travel time spent in this place.
 C = Inter-level travel time spent in this place.
 D = Time resting spent in this place.
 E = Time spent auto-exploring this place.
 F = Levels seen in this place.
 G = Mean time per level.
                   A        B        C        D        E       F      G
               +--------+--------+--------+--------+--------+-----+--------+
         Total |   6620 |   6322 |    298 |    113 |   4620 |  11 |  601.8 |
       Dungeon |   6110 |   5812 |    298 |    113 |   4305 |  10 |  611.0 |
         Sewer |    510 |    510 |      0 |      0 |    314 |   1 |  510.0 |
               +--------+--------+--------+--------+--------+-----+--------+

Top non-repeatable levels by time:
     D:9: 1011 daAuts
     D:2: 929 daAuts
     D:7: 750 daAuts
     D:8: 700 daAuts
     D:1: 649 daAuts
     D:4: 619 daAuts
     D:6: 544 daAuts
     D:3: 530 daAuts
   Sewer: 510 daAuts
     D:5: 366 daAuts
    D:10: 8 daAuts
